 Dungeon Crawl Stone Soup version 0.28.0 (webtiles) character file.

Game seed: 14391964140508089596

18 Dorkslayer the Skirmisher (level 2, -1/27 HPs)
             Began as a Minotaur Fighter on May 28, 2022.
             Succumbed to Sigmund's poison
             ... on level 2 of the Dungeon.
             The game lasted 00:01:22 (402 turns).

Dorkslayer the Skirmisher (Minotaur Fighter)         Turns: 402, Time: 00:01:22

Health: -1/27      AC:  7    Str: 20    XL:     2   Next: 51%
Magic:  1/1        EV:  9    Int:  5    God:
Gold:   73         SH:  4    Dex:  9    Spells: 1/1 levels left

rFire   . . .      SeeInvis .   a - +0 long sword
rCold   . . .      Faith    .   c - +0 buckler
rNeg    . . .      Spirit   .   b - +0 scale mail
rPois   .          Reflect  .   (helmet restricted)
rElec   .          Harm     .   (no cloak)
rCorr   .          Rampage  .   (no gloves)
Will    .....                   (no boots)
Stlth   ..........              (no amulet)
HPRegen 0.09/turn               (no ring)
MPRegen 0.07/turn               (no ring)

@: mighty, lethally poisoned (-1 -> -11)
A: horns 2, retaliatory headbutt
a: no special abilities


You were on level 2 of the Dungeon.
You visited 1 branch of the dungeon, and saw 2 of its levels.

You collected 73 gold pieces.

Inventory:

Hand Weapons
 a - a +0 long sword (weapon)
Armour
 b - a +0 scale mail (worn)
 c - a +0 buckler (worn)
Scrolls
 e - a scroll of holy word {unknown}
 f - a scroll of identify {unknown}
Potions
 d - 2 potions of might


   Skills:
 + Level 4.0 Fighting
 + Level 2.6 Long Blades
 + Level 3.9 Armour
 + Level 4.0 Shields


You had one spell level left.
You didn't know any spells.
Your spell library contained the following spells:

 Spells                   Type           Power      Damage    Failure   Level
 Apportation              Tloc           0%         N/A       89%         1
 Alistair's Intoxication  Tmut/Pois      0%         N/A       100%        5


Dungeon Overview and Level Annotations

Branches:
Dungeon (2/15)

Altars:

Annotations:
D:2 Sigmund


Innate Abilities, Weirdness & Mutations

You have a pair of horns on your head.
You reflexively headbutt those who attack you in melee.


Message History

The endoplasm quivers.
An endoplasm comes into view.
The endoplasm quivers.
The endoplasm freezes you.
You are frozen.
You hit the endoplasm but do no damage.
The endoplasm hits you but does no damage.
You hit the endoplasm.
The endoplasm is lightly wounded.
The endoplasm freezes you.
You are frozen.
You slash the endoplasm!
You kill the endoplasm!
Your Shields skill increases to level 4!
You barely miss the endoplasm. You headbutt the endoplasm.
You kill the endoplasm!
Sigmund the Dreaded comes into view.
He is wielding a +2 scythe of venom.
Sigmund points at you and mumbles some strange words.
You resist with significant effort.
Sigmund points at you and mumbles some strange words.
The puff of flame hits you!
Okay, then.
You feel very mighty all of a sudden. Sigmund casts a spell at you.
You resist with significant effort.
Sigmund points at you and mumbles some strange words.
The magic dart hits you.
You closely miss Sigmund. You headbutt Sigmund!
Sigmund is heavily wounded.
Sigmund laughs darkly.
Sigmund casts a spell at you. The puff of flame misses you.
You barely miss Sigmund. Your headbutt misses Sigmund.
Sigmund is heavily wounded.
Sigmund hits you with a +2 scythe of venom!
* * * LOW HITPOINT WARNING * * *
You are lethally poisoned!
You slash Sigmund! Your headbutt misses Sigmund.
Sigmund is severely wounded.
You die...

............# .
............##
...............##
............... .. .
............## ...
...#...........###.#
#....##.....#......
#...@@.........#
#.............##
...............##
.....#...#.#...#
.........#.....#
....##.........# ...
....##.....# ...
##.#...##.####
....## #....#######


You could see Sigmund.

Vanquished Creatures
  2 bats (D:1)
  4 endoplasms
  4 hobgoblins (D:1)
  A ball python (D:1)
  2 frilled lizards (D:1)
  3 kobolds (D:1)
  2 rats (D:1)
18 creatures vanquished.

Notes
Turn   | Place    | Note
-------+----------+-------------------------------------------
     0 | D:1      | Dorkslayer the Minotaur Fighter began the quest for the
                  | Orb.
     0 | D:1      | Reached XP level 1. HP: 19/19 MP: 0/0
   144 | D:1      | Reached XP level 2. HP: 26/27 MP: 1/1
   163 | D:1      | Found a faded altar of an unknown god.
   394 | D:2      | Noticed Sigmund
   402 | D:2      | Succumbed to Sigmund's poison

Illustrated notes

Levels and vault maps discovered:
D:1:      grunt_arrival_lava_bath, layout_rooms,
          dreamdust_ecumenical_altar_statues
D:2:      layout_rooms, nicolae_underground_beach, uniq_sigmund

Skill      XL: |  1  2 |
---------------+-------+-----
Fighting       | 4 |  4.0
Shields        | 4 |  4.0
Long Blades    | |  2.6
Armour         | |  3.9

Action                   || total
-------------------------++-------
Melee: Long sword        ||    34
       Headbutt          ||     5
  Use: Potion            ||     1
Armor: Scale mail        ||    11
Dodge: Dodged            ||    15
Block: Buckler           ||     7
